Map: Port Aleksander LE

Players

Barbaro - Winner!

  • Race: Zerg Zerg
  • League: Gold
  • Spawn Location: 5:00

Mesrob

  • Race: Terran Terran
  • League: Gold
  • Spawn Location: 11:00

VOD

Have the link to the VOD?

Description

Time

  • Played on: Jan. 11, 2019, 7:36 a.m.
  • Length: 3:06
Show
View Real Time Build Order
Export as new Build Order

Barbaro Zerg - Winner!

Build Orders: Pool First 

Get SALT Encoding   

  12  0:01  Drone  
  13  0:13  Drone  
  14  0:18  Extractor  
  14  0:19  Drone  
  14  0:38  Spawning Pool  
  14  0:40  Drone  
  14  0:54  Overlord  
  14  1:14  Drone x3  
  17  1:42  Zergling x2  
  17  1:44  Hatchery  
  17  1:54  Zergling x4  
  19  2:10  Queen  
  21  2:23  Zergling x2  
  21  2:24  Overlord  
  22  2:46  Zergling x2  
  22  2:47  Zergling x4  
Show
View Real Time Build Order
Export as new Build Order

Mesrob Terran 

Build Orders:  

Get SALT Encoding   

  12  0:00  SCV  
  13  0:13  SCV  
  14  0:18  Supply Depot  
  14  0:25  SCV  
  15  0:40  SCV  
  15  0:42  Barracks  
  16  0:50  Refinery  
  16  0:52  SCV  
  17  1:04  SCV  
  17  1:35  Marine  
  18  1:42  Orbital Command  
  18  1:53  Marine  
  19  2:03  Command Center  
  19  2:09  Factory  
  19  2:11  SCV  
  21  2:58  Bunker  
Tags
 
League
GoldGold
Matchup
TvZ
Opening
Pool First
Replay Pack
sc2 replays
Spawn Locations
Cross Positions
Add a new tag
Caveats
  • Supply blocks, unpowered buildings, or Contaminate may cause inaccurate times.
  • Supply counts are checked every 10 seconds.